 Dungeon Crawl Stone Soup version 0.27-a0-1565-gad902ab807 (webtiles) character file.

Game seed: 5474546011449977709

431 Leszczynek the Chopper (level 7, -4/56 HPs)
             Began as a Human Gladiator on July 16, 2021.
             Slain by a scorpion (6 damage)
             ... on level 5 of the Dungeon.
             The game lasted 00:14:49 (2133 turns).

Leszczynek the Chopper (Human Gladiator)            Turns: 2133, Time: 00:14:49

Health: -4/56      AC:  8    Str: 15    XL:     7   Next: 19%
Magic:  7/7        EV: 11    Int:  9    God:
Gold:   97         SH:  0    Dex: 15    Spells: 6/6 levels left

rFire    . . .     SeeInvis .   a - +0 war axe
rCold    . . .     Faith    .   (no shield)
rNeg     . . .     Spirit   .   g - +0 ring mail
rPois    .         Reflect  .   m - +1 helmet
rElec    .         Harm     .   (no cloak)
rCorr    .         Rampage  .   (no gloves)
Will     .....                  l - +0 pair of boots
Stlth    +.........             (no amulet)
HPRegen  0.18/turn              (no ring)
MPRegen  0.10/turn              (no ring)

@: no status effects
A: no striking features
a: no special abilities


You were on level 5 of the Dungeon.
You visited 1 branch of the dungeon, and saw 6 of its levels.

You collected 97 gold pieces.

Inventory:

Hand Weapons
 a - a +0 war axe (weapon)
 b - a +0 hunting sling
Missiles
 j - 43 sling bullets
Armour
 c - a +0 helmet
 g - a +0 ring mail (worn)
 k - a +0 leather armour
 l - a +0 pair of boots (worn)
 m - a +1 helmet (worn)
Jewellery
 e - a ring of flight
Scrolls
 d - a scroll of enchant weapon
 i - 4 scrolls of identify {@r1}
Potions
 h - a potion of resistance {unknown}


   Skills:
 + Level 5.0 Fighting
 - Level 6.0 Axes
 - Level 2.0 Throwing
 - Level 3.0 Dodging


You had 6 spell levels left.
You didn't know any spells.
Your spell library contained the following spells:

 Spells                   Type           Power      Damage    Failure   Level
 Corona                   Hex            0%         N/A       63%         1
 Ensorcelled Hibernation  Hex/Ice        0%         N/A       77%         2
 Static Discharge         Conj/Air       0%         N/A       77%         2
 Gell's Gravitas          Tloc           0%         N/A       94%         3
 Lesser Beckoning         Tloc           0%         N/A       94%         3
 Teleport Other           Tloc           0%         N/A       94%         3
 Tukima's Dance           Hex            0%         N/A       94%         3
 Dispel Undead            Necr           0%         3d6       100%        4
 Sticky Flame             Conj/Fire      0%         2d3       100%        4


Dungeon Overview and Level Annotations

Branches:
Dungeon (6/15)
 Temple: D:4-7

Altars:
Cheibriados
Xom

Annotations:
D:2 Sigmund


Message History

The scorpion stings you but does no damage.
The howler monkey skeleton hits you.
* * * LOW HITPOINT WARNING * * *
You slash the scorpion!
The scorpion is severely wounded.
You hit the howler monkey skeleton.
You feel sick. The scorpion stings you.
* * * LOW HITPOINT WARNING * * *
The howler monkey skeleton barely misses you.
The scorpion stings you.
* * * LOW HITPOINT WARNING * * *
Unknown command.
Unknown command.
You hit the scorpion.
The scorpion is almost dead.
You hit the howler monkey skeleton.
You feel sick.
You are no longer poisoned.
The howler monkey skeleton misses you. The scorpion closely misses you.
You hit the scorpion but do no damage.
The scorpion is almost dead.
You slash the howler monkey skeleton! The scorpion stings you.
* * * LOW HITPOINT WARNING * * *
The howler monkey skeleton closely misses you.
Unknown command.
You hit the scorpion but do no damage.
The scorpion is almost dead.
You hit the howler monkey skeleton. The scorpion barely misses you.
The howler monkey skeleton misses you. The scorpion closely misses you.
Unknown command.
Enter note: unkillable You completely miss the scorpion.
The scorpion is severely wounded.
You hit the howler monkey skeleton.
You destroy the howler monkey skeleton!
The scorpion stings you but does no damage.
Your Fighting skill increases to level 5!
Unknown command.
You hit the scorpion but do no damage.
The scorpion is severely wounded.
The scorpion barely misses you. The scorpion stings you.
You die...

..#.......#...........
.#
..#...##....##..#.....
...................##.
...##).S..s....≈...#
....))...##...≈≈≈..##.
....>....##....≈≈≈≈..≈
.........###.....≈≈≈≈≈
.......### ##..#.####
.####### #..#@.## #
##.s...# ###..## ####


You could see a scorpion.

Vanquished Creatures
  2 scorpions
  2 orc priests (D:5)
  A jelly (D:6)
  An orc wizard (D:6)
  A mummy (D:5)
  Robin (D:3)
  3 gnolls (D:4)
  A howler monkey skeleton (D:5)
  5 adders
  A dart slug (D:4)
  6 orcs
  4 bats
  6 endoplasms
  4 giant cockroaches
  15 goblins
  9 hobgoblins
  6 jackals
  4 quokkas
  6 ball pythons
  2 frilled lizards (D:3)
  A jackal skeleton (D:2)
  2 kobolds
  9 rats
92 creatures vanquished.

Notes
Turn   | Place    | Note
-------+----------+-------------------------------------------
     0 | D:1      | Leszczynek the Human Gladiator began the quest for the Orb.
     0 | D:1      | Reached XP level 1. HP: 16/16 MP: 1/1
   118 | D:2      | Noticed Sigmund
   140 | D:1      | Reached XP level 2. HP: 12/22 MP: 2/2
   224 | D:1      | HP: 4/22 [frozen (5)]
   225 | D:1      | HP: 1/22 [frozen (3)]
   355 | D:1      | Reached skill level 4 in Axes
   355 | D:1      | Reached XP level 3. HP: 13/27 MP: 3/3
   552 | D:3      | Reached XP level 4. HP: 15/33 MP: 4/4
   782 | D:3      | Noticed Robin
   819 | D:2      | Found a shimmering altar of Xom.
   859 | D:2      | Found a faded altar of an unknown god.
   878 | D:2      | Reached skill level 5 in Axes
  1146 | D:3      | Killed Robin
  1185 | D:3      | Found a glowing drain.
  1193 | D:3      | nice
  1193 | D:3      | two turns too slow
  1200 | D:3      | Reached XP level 5. HP: 35/38 MP: 5/5
  1200 | D:3      | because of the bullshit layout
  1200 | D:3      | what a huge fuking waste of time
  1389 | D:4      | Reached skill level 6 in Axes
  1480 | D:4      | Reached XP level 6. HP: 25/46 MP: 6/6
  1523 | D:4      | N E T S
  1528 | D:5      | Entered Level 5 of the Dungeon
  1611 | D:6      | Reached skill level 3 in Fighting
  1909 | D:5      | Reached skill level 4 in Fighting
  1925 | D:5      | Found a snail-covered altar of Cheibriados.
  1945 | D:5      | Noticed an ogre
  2113 | D:5      | Reached XP level 7. HP: 28/55 MP: 7/7
  2127 | D:5      | HP: 11/55 [poisoned by a scorpion]
  2128 | D:5      | HP: 5/55 [scorpion (3)]
  2130 | D:5      | HP: 1/55 [scorpion (4)]
  2132 | D:5      | unkillable
  2133 | D:5      | Reached skill level 5 in Fighting
  2133 | D:5      | Slain by a scorpion

Illustrated notes ####### #.≈≈B@# ##.≈≈≈r# #..≈≈≈≈# #...≈≈≈# ##....≈≈# #..###### ##.## #..# ##.## Turn 1193 on D:3: nice ####### #.≈≈≈@# ##.≈≈≈†# #..≈≈≈≈# #...≈≈≈# ##....≈≈# #..###### ##.## #..# ##.## Turn 1200 on D:3: because of the bullshit layout

#..............#.
#..............#. ....
#....))........#. ....
#.....##......##. .....
#...).###)######. .!.
#..††..#......... ...
#.....##......... ....
.######'###.....##.......).
...
g......g.S@......#.........
..
...g$...g).......#.........
.#
........(.......##......##.
.#
..............>.##.....)##.
.#
.##..............#......<#.
.##
#..............+.......#.
..#
................#.......#.
.$#
.........##.....##.......#.
..# .........#
.....##########


Turn 1523 on D:4: N E T S ..#.......#........... .# ..#...##....##..#.....
...................##. ...##).S..s....≈...# ....))...##...≈≈≈..##.
....>....##....≈≈≈≈..≈ .........###.....≈≈≈≈≈ .......### ##..#Z#### .#######
#..#@.## # ##.s...# ###..## #### Turn 2132 on D:5: unkillable

Levels and vault maps discovered:
D:1:      lemuel_arrival_cross, layout_basic, nrook_mini_vaults
D:2:      layout_rooms, shapermc_ecumenical_altar_starsandcircs, basic_altar,
          minmay_pentomino_q4, uniq_sigmund
D:3:      layout_rooms, portal_sewer_entry_b, uniq_robin
D:4:      layout_gridville, uniq_pikel
D:5:      layout_cave_pools, slow_altar_1, minmay_temple_entry_overgrown,
          chequers_serial_rivers_small_a, dk_noncrumbling_2,
          minmay_misc_feat_secret_circle
D:6:      layout_basic

Skill      XL: |  1  2  3  4  5  6  7 |
---------------+----------------------+-----
Axes           | 4 5 6 |  6.0
Fighting       | 4 5 |  5.0
Throwing       | |  2.0
Dodging        | |  3.0

Action                   |  1- 3 |  4- 6 |  7- 9 || total
-------------------------+-------+-------+-------++-------
Melee: War axe           |    75 |   153 |    15 ||   243
 Fire: Hunting sling     |       |    37 |       ||    37
Throw: Throwing net      |     7 |       |       ||     7
  Use: Potion            |       |     4 |       ||     4
       Scroll            |       |     2 |       ||     2
Armor: Leather armour    |    12 |       |       ||    12
       Ring mail         |    14 |    76 |     5 ||    95
Dodge: Dodged            |    51 |    97 |    13 ||   161

Table legend: (Time is in decaauts)
 A = Elapsed time spent in this place.
 B = Non-inter-level travel time spent in this place.
 C = Inter-level travel time spent in this place.
 D = Time resting spent in this place.
 E = Time spent auto-exploring this place.
 F = Levels seen in this place.
 G = Mean time per level.
                   A        B        C        D        E       F      G
               +--------+--------+--------+--------+--------+-----+--------+
         Total |   2240 |   2078 |    162 |      0 |      0 |   6 |  373.3 |
       Dungeon |   2240 |   2078 |    162 |      0 |      0 |   6 |  373.3 |
               +--------+--------+--------+--------+--------+-----+--------+

Top non-repeatable levels by time:
     D:3: 578 daAuts
     D:6: 445 daAuts
     D:1: 438 daAuts
     D:2: 320 daAuts
     D:4: 284 daAuts
     D:5: 173 daAuts
